 Dungeon Crawl Stone Soup version 0.25.1-9-gc5326a611f (webtiles) character file.

Game seed: 4637905714552589392

622 AlexRAT the Chopper (level 7, -3/62 HPs)
             Began as a Minotaur Berserker on Dec 31, 2020.
             Was a Priest of Trog.
             Slain by an orc
             ... wielding a +0 club
              (4 damage)
             ... on level 4 of the Dungeon.
             The game lasted 00:08:46 (4010 turns).

AlexRAT the Chopper (Minotaur Berserker)            Turns: 4010, Time: 00:08:48

Health: -3/62      AC:  2    Str: 22    XL:     7   Next: 22%
Magic:  6/6        EV: 14    Int:  4    God:    Trog [***...]
Gold:   167        SH:  0    Dex: 11    Spells: 6/6 levels left

rFire    . . .     SeeInvis .   a - +0 hand axe
rCold    . . .     Gourm    .   (no shield)
rNeg     . . .     Faith    .   b - +0 animal skin
rPois    .         Spirit   .   (helmet restricted)
rElec    .         Reflect  .   (no cloak)
rCorr    .         Harm     .   (no gloves)
MR       .....                  (no boots)
Stlth    +.........             (no amulet)
HPRegen  0.20/turn              (no ring)
MPRegen  0.10/turn              (no ring)

@: berserk cooldown, slowed, very slow
A: retaliatory headbutt, horns 2
a: Berserk, Trog's Hand, Renounce Religion


You were on level 4 of the Dungeon.
You worshipped Trog.
Trog was most pleased with you.
You were very hungry.

You visited 1 branch of the dungeon, and saw 4 of its levels.

You collected 167 gold pieces.

Inventory:

Hand Weapons
 a - a +0 hand axe (weapon)
 k - a +0 war axe
Armour
 b - a +0 animal skin (worn)
 j - a +0 ring mail
Scrolls
 e - 2 scrolls of magic mapping {unknown}
 h - a scroll of identify {unknown}
 i - a scroll of remove curse {unknown}
Potions
 d - a potion of curing {unknown}
 f - a potion of lignification {unknown}
 g - 2 potions of stabbing {unknown}
 m - a potion of might {unknown}
Comestibles
 c - 5 rations
 l - 13 chunks of flesh


   Skills:
 + Level 5.9 Fighting
 + Level 5.9 Axes
 + Level 5.2 Armour
 + Level 4.7 Dodging


You had 6 spell levels left.
You didn't know any spells.
Your spell library was empty.

Dungeon Overview and Level Annotations

Branches:
Dungeon (4/15)
 Temple: D:4-7

Altars:


Innate Abilities, Weirdness & Mutations

You reflexively headbutt those who attack you in melee.
You have a pair of horns on your head.


Message History

You are no longer berserk.
You are exhausted.
You feel yourself slow down.
Things that are here:
a +0 dagger; an orc corpse You butcher the orc corpse.
Things that are here:
a +0 dagger; 2 chunks of flesh; an orc skeleton
Okay, then.
l - 13 chunks of flesh (gained 2)
The orc wizard gestures at you while chanting.
The magic dart hits you! The orc hits you but does no damage.
An orc wizard comes into view. It is wielding a +0 dagger.
The orc wizard zaps a wand.
The bolt of acid hits you!
* * * LOW HITPOINT WARNING * * *
You are splashed with acid!
* * * LOW HITPOINT WARNING * * *
The orc hits you with a +0 club.
You die...

####### #.....#######
#.....#.....# ....
#.<...#.....# ....
####.....#.....# .o..
.........รท@o....# ##....
####.....o#.....##...####
#.#####....))#...o....
#.#.(...##..o)....#
#.#.###.#####)....# #.
#.# #.....# #.#
##.#.....# #+# #.#.....#
#.# ....#


You could see 2 orc wizards and an orc.

Vanquished Creatures
  Duvessa (D:4)
  Dowan (D:4)
  A howler monkey (D:4)
  A bullfrog zombie (D:2)
  A hound (D:4)
  2 orc priests (D:3)
  2 orc wizards
  A worker ant (D:4)
  9 adders
  An ooze (D:3)
  2 worms (D:3)
  3 dart slugs (D:2)
  6 leopard geckos
  17 orcs
  10 bats
  3 giant cockroaches
  9 goblins
  16 hobgoblins
  6 jackals
  6 kobolds
  A quokka (D:3)
  2 ball pythons
  5 frilled lizards
  14 rats
120 creatures vanquished.

Notes
Turn   | Place    | Note
-------+----------+-------------------------------------------
     0 | D:1      | AlexRAT the Minotaur Berserker began the quest for the Orb.
     0 | D:1      | Reached XP level 1. HP: 19/19 MP: 0/0
   535 | D:1      | Reached XP level 2. HP: 26/27 MP: 1/1
   796 | D:1      | Reached ** piety under Trog
   835 | D:1      | Reached XP level 3. HP: 33/33 MP: 2/2
  1341 | D:2      | Reached XP level 4. HP: 36/41 MP: 3/3
  1985 | D:2      | Reached XP level 5. HP: 45/47 MP: 4/4
  2194 | D:2      | Reached *** piety under Trog
  2848 | D:3      | Reached skill level 5 in Fighting
  2848 | D:3      | Reached skill level 5 in Axes
  3499 | D:3      | Reached XP level 6. HP: 13/56 MP: 5/5
  3966 | D:4      | Noticed Duvessa
  3979 | D:4      | Killed Duvessa
  3979 | D:4      | Reached skill level 5 in Armour
  3979 | D:4      | Reached XP level 7. HP: 43/62 MP: 6/6
  3985 | D:4      | Noticed Dowan
  3992 | D:4      | Killed Dowan
  4010 | D:4      | HP: 1/62 [acid (12)]
  4010 | D:4      | Slain by an orc

Illustrated notes

Levels and vault maps discovered:
D:1:      dpeg_arrival_morbid_curiosity, layout_basic, minmay_distorted
D:2:      layout_basic, serial_bayou_pond_b
D:3:      minmay_skewed_foursquare, layout_basic, grunt_decor_mini_mirrors
D:4:      wad_woods_tower, layout_basic, minmay_rat_hole, uniq_duvessa

Skill      XL: |  1  2  3  4  5  6 |
---------------+-------------------+-----
Fighting       | 4 5 |  5.9
Axes           | 4 5 |  5.9
Armour         | 3 4 5 |  5.2
Dodging        | 3 4 |  4.7

Action                   |  1- 3 |  4- 6 |  7- 9 || total
-------------------------+-------+-------+-------++-------
Melee: Hand axe          |    67 |   165 |    11 ||   243
       Headbutt          |     5 |    25 |     1 ||    31
Invok: Berserk           |       |     1 |     1 ||     2
 Stab: Sleeping          |     2 |     2 |       ||     4
  Eat: Chunk             |     1 |    10 |       ||    11
Armor: Animal skin       |     7 |    24 |     1 ||    32
Dodge: Dodged            |    53 |   109 |     6 ||   168
